 Dungeon Crawl Stone Soup version 0.19-a0-1368-g41a3d51 (webtiles) character file.

95 PurpleRed the Conjurer (level 4, -2/24 HPs)
             Began as a Deep Elf Conjurer on Sept 2, 2016.
             Slain by Pikel
             ... wielding a +1 whip of flaming
              (6 damage)
             ... on level 5 of the Dungeon.
             The game lasted 00:04:21 (601 turns).

PurpleRed the Conjurer (Deep Elf Conjurer)           Turns: 601, Time: 00:04:22

Health: -2/24      AC:  3    Str:  5    XL:     4   Next: 39%
Magic:  12/12      EV: 13    Int: 21    God:
Gold:   62         SH:  0    Dex: 15    Spells: 2 memorised, 8 levels left

rFire  . . .     SeeInvis .     k - +3 quarterstaff (chaos)
rCold  . . .     Gourm    .     a - +0 robe
rNeg   . . .     Faith    .     (shield currently unavailable)
rPois  .         Spirit   .     (no helmet)
rElec  .         Dismiss  .     l - +0 cloak
rCorr  .         Reflect  .     (no gloves)
MR     .....     Harm     .     (no boots)
Stlth  ++........               (no amulet)
                                (no ring)
                                (no ring)

@: flying
A: no striking features
a: no special abilities


You were on level 5 of the Dungeon.
You were not hungry.

You visited 1 branch of the dungeon, and saw 5 of its levels.

You collected 62 gold pieces.

Inventory:

Hand Weapons
 k - a +3 quarterstaff of chaos (weapon)
Armour
 a - a +0 robe (worn)
 h - the +1 leather armour of a sewer {rCorr}
   (You found it on level 4 of the Dungeon)

   It protects you from acid and corrosion.
 l - a +0 cloak (worn)
Potions
 g - a potion of heal wounds {unknown}
 j - a potion of invisibility {unknown}
Books
 b - a book of Conjurations

   Spells                             Type                      Level
   a - Magic Dart                     Conjuration                  1
   b - Searing Ray                    Conjuration                  2
   c - Dazzling Spray                 Conjuration/Hexes            3
   d - Fulminant Prism                Conjuration/Hexes            4
   e - Iskenderun's Mystic Blast      Conjuration                  4
   f - Iskenderun's Battlesphere      Conjuration/Charms           5
Comestibles
 c - 4 bread rations
 d - a meat ration


   Skills:
 - Level 2.4 Dodging
 - Level 2.4 Stealth
 + Level 4.2 Spellcasting
 * Level 5.9 Conjurations


You had 8 spell levels left.
You knew the following spells:

 Your Spells              Type           Power        Failure   Level  Hunger
a - Magic Dart            Conj           ####         1%          1    None
b - Searing Ray           Conj           ####..       1%          2    #......


Dungeon Overview and Level Annotations

Branches:
Dungeon (5/15)
 Temple: D:4-7

Altars:

Annotations:
D:5 Pikel


Message History

The phantom blinks!
The slave hits you. The slave barely misses you.
Pikel says, "You'll feel the lick of my whip!"
There is a stone staircase leading down here.
Pikel barely misses you.
You climb downwards.
There is a stone staircase leading up here.
Pikel hits you but does no damage.
Pikel cracks his whip.
Pikel hits you with a whip of flaming.
* * * LOW HITPOINT WARNING * * *
Pikel burns you.
* * * LOW HITPOINT WARNING * * *
Okay, then.
Pikel says, "I just want to get paid!"
It was a potion of flight.
You feel very buoyant.
You fly up into the air.
Pikel hits you with a whip of flaming.
You die...

#####......#
##.....######
##....###
##.##### ##.##
###.## #..## ###
#..#######..##...
##....K@.<.......
#######.....####
#.....# ..##..#
#.## #..# .# ##.#
.# #.# .# #.


You could see Pikel.

Vanquished Creatures
  Crazy Yiuf (D:4)
  2 giant frog skeletons (D:4)
  A hobgoblin (D:3)
  3 jackals
  A giant newt (D:2)
  A kobold (D:2)
  2 rats (D:2)
  A fungus (D:4)
12 creatures vanquished.

Notes
Turn   | Place    | Note
-------+----------+-------------------------------------------
     0 | D:1      | PurpleRed the Deep Elf Conjurer began the quest for the Orb.
     0 | D:1      | Reached XP level 1. HP: 10/10 MP: 6/6
   165 | D:3      | Reached XP level 2. HP: 13/15 MP: 2/8
   169 | D:3      | Learned a level 2 spell: Searing Ray
   270 | D:4      | Got a dazzling leather armour
   284 | D:4      | Identified the +1 leather armour of a sewer {rCorr} (You found it on level 4 of the Dungeon)
   330 | D:4      | Noticed a phantom
   332 | D:5      | Entered Level 5 of the Dungeon
   369 | D:4      | Found a runed door.
   372 | D:4      | Noticed Crazy Yiuf
   376 | D:4      | Killed Crazy Yiuf
   376 | D:4      | Reached skill level 5 in Conjurations
   376 | D:4      | Reached XP level 3. HP: 19/19 MP: 5/10
   422 | D:4      | Reached XP level 4. HP: 3/24 MP: 2/12
   524 | D:4      | Noticed a slave
   524 | D:4      | Noticed a slave
   525 | D:4      | Noticed Pikel
   525 | D:4      | Noticed a slave
   525 | D:4      | Noticed a slave
   601 | D:5      | Slain by Pikel

Vault maps used:
D:1:      dpeg_arrival_line_fractal
D:2:      old_standard_altar
D:4:      first_bread, evilmike_ruin_ashenzari, uniq_pikel,
          uniq_crazy_yiuf_cottage
D:5:      nicolae_overflow_crystal_walls, serial_shops, shop, basic_altar

Skill      XL: |  1  2  3 |
---------------+----------+-----
Conjurations   | 5 |  5.9
Spellcasting   | 4 |  4.2
Dodging        | |  2.4
Stealth        | |  2.4

Action                   |  1- 3 |  4- 6 || total
-------------------------+-------+-------++-------
Melee: Unarmed           |     2 |       ||     2
       Quarterstaff      |    13 |       ||    13
 Cast: Magic Dart        |    15 |       ||    15
       Searing Ray       |     3 |       ||     3
  Use: Scroll            |     1 |       ||     1
       Potion            |       |     1 ||     1
Armor: Robe              |     2 |     1 ||     3
Dodge: Dodged            |    12 |     2 ||    14
